 Dungeon Crawl Stone Soup version 0.26-a0-812-g31a745ddcd (webtiles) character file.

Game seed: 4411046800034207810

244 Allar the Chiller (level 6, 46/46 HPs)
             Began as a Barachi Ice Elementalist on Nov 30, 2020.
             Quit the game on level 3 of the Dungeon on May 8, 2021.
             The game lasted 00:28:58 (2938 turns).

Allar the Chiller (Barachi Ice Elementalist)        Turns: 2938, Time: 00:28:59

Health: 46/46      AC:  5    Str: 12    XL:     6   Next: 10%
Magic:  11/11      EV: 13    Int: 15    God:
Gold:   174        SH:  0    Dex: 12    Spells: 4/12 levels left

rFire    . . .     SeeInvis .   (no weapon)
rCold    . . .     Faith    .   (no shield)
rNeg     . . .     Spirit   .   t - +0 robe
rPois    .         Reflect  .   (no helmet)
rElec    .         Harm     .   (no cloak)
rCorr    .         Rampage  .   (no gloves)
MR       .....                  m - +2 pair of boots
Stlth    ++........             (no amulet)
HPRegen  0.15/turn              (no ring)
MPRegen  0.12/turn              (no ring)

@: slow
A: +LOS, swims, slowness 1, strong legs 1
a: Hop


You were on level 3 of the Dungeon.
You visited 1 branch of the dungeon, and saw 3 of its levels.

You collected 174 gold pieces.

Inventory:

Hand Weapons
 a - a +1 short sword of venom
   (You took it off a kobold on level 3 of the Dungeon)
Missiles
 d - 2 boomerangs (quivered)
 e - 137 stones
Armour
 m - a +2 pair of boots (worn)
   (You found it on level 1 of the Dungeon)
 t - a +0 robe (worn)
Wands
 r - a wand of enslavement (8)
   (You found it on level 2 of the Dungeon)
Scrolls
 b - a scroll of identify {unknown}
 f - 3 scrolls of teleportation {@r4}
 h - a scroll of amnesia {unknown}
 i - 2 scrolls of random uselessness {unknown}
 j - 3 scrolls of remove curse {@r2}
 n - a scroll of immolation {unknown}
 o - a scroll of magic mapping {unknown}
 q - a scroll of fog {unknown}
Potions
 g - 2 potions of ambrosia {unknown}
 k - 4 potions of flight {unknown}
 l - a potion of brilliance {unknown}
 p - a potion of magic {unknown}
 s - 2 potions of curing {unknown}
 u - a potion of heal wounds {unknown}


   Skills:
 + Level 2.7 Fighting
 - Level 3.0 Dodging
 - Level 1.7 Stealth
 + Level 3.7 Spellcasting
 + Level 2.3 Summonings
 + Level 6.1 Ice Magic


You had 4 spell levels left.
You knew the following spells:

 Your Spells              Type           Power        Failure   Level
a - Freeze                Ice            ###.         1%          1
b - Frozen Ramparts       Ice            ###...       4%          3
d - Summon Ice Beast      Ice/Summ       ###.....     32%         4

Your spell library contained the following spells:

 Spells                   Type           Power        Failure   Level
 Ozocubu's Armour         Ice            ###.....     4%          3
 Hailstorm                Conj/Ice       ##......     45%         4


Dungeon Overview and Level Annotations

Branches:
Dungeon (3/15)

Altars:
Okawaru


Innate Abilities, Weirdness & Mutations

You can be seen from farther away. (+LOS)
You can swim through water.
You cover ground slowly.
You can hop short distances.


Message History

You are very lightly contaminated with residual magic.
Nothing appears to happen.
The ooze completely misses you.
Aim: an ooze (lightly wounded)
You freeze the ooze. The ooze closely misses you.
You hit the ooze. The ooze misses you.
Aim: an ooze (almost dead)
You freeze the ooze!
You kill the ooze!
You start resting.
Your magical contamination has completely faded away.
You start resting.
Save game and exit?
Options error: Bad channel -- pray (~/.crawlrc:4442) Options error: Bad channel -- food (~/.crawlrc:4445) Welcome back, Allar the Barachi Ice Elementalist.
Unknown command.
Unknown command.
Your +1 short sword of venom stops dripping with poison.
You are now empty-handed.
Your +1 short sword of venom begins to drip with poison!
a - a +1 short sword of venom (weapon)
Your +1 short sword of venom stops dripping with poison.
You are now empty-handed.
Your +1 short sword of venom begins to drip with poison!
a - a +1 short sword of venom (weapon)
Your +1 short sword of venom stops dripping with poison.
You are now empty-handed.
Things that are here:
a +0 robe; a +0 scythe Quiver which item? (- for none, * to show all) (? for menu, Esc to quit)
Okay, then.
Your movement speed is slow.
Your attack speed is average.
Your movement speed is slow.
Your attack speed is average.
Unknown command.
Unknown command.
Unknown command.
Your movement speed is slow.
Your attack speed is average.
The spell is quite dangerous to cast (32% risk of failure)!
Continue anyway?
Okay, then.
Unknown command.
Unknown command.
There's nothing to close nearby.
Quiver which item? (- for none, * to show all) (? for menu, Esc to quit)
Okay, then.

........P..≈......≈≈≈≈....#######
...P..≈≈≈≈≈≈.≈.≈.≈≈≈≈≈≈≈≈≈≈≈≈≈≈≈#
..≈≈≈≈≈≈≈≈≈≈≈≈≈≈≈≈≈≈≈≈≈≈≈≈≈≈≈≈≈≈≈
≈≈≈≈≈≈≈≈≈≈≈≈≈≈≈≈≈≈≈≈≈≈≈≈≈≈≈≈≈####
.≈P≈≈≈≈≈≈≈≈≈≈≈≈≈≈≈≈≈≈≈≈...≈####
P≈≈≈≈≈≈≈≈≈≈≈≈≈.P≈≈.≈≈.≈≈..≈≈..# #
≈≈≈≈≈≈≈≈≈.≈...........[.......###
≈≈≈P≈.≈.≈.......######...####....
≈≈P...........#.@.....[#.# #####
≈.≈....#############.###.# #
≈≈..#### ### ..# ###### ....# #..
#..... ..#.# ##. #.#.## .##.#
..###.## ....### #. ##.## ##....#
..#.... ###### ##.##


There were no monsters in sight!

Vanquished Creatures
  Sigmund (D:3)
  3 adders
  An ooze (D:3)
  A worm (D:3)
  A dart slug (D:1)
  A leopard gecko (D:2)
  6 bats
  A giant cockroach (D:2)
  3 goblins
  3 hobgoblins
  6 jackals
  10 kobolds
  A quokka (D:2)
  5 frilled lizards
  5 rats (D:1)
48 creatures vanquished.

Vanquished Creatures (others)
  A plant (D:3)
1 creature vanquished.

Grand Total: 49 creatures vanquished

Notes
Turn   | Place    | Note
-------+----------+-------------------------------------------
     0 | D:1      | Allar the Barachi Ice Elementalist began the quest for the
                  | Orb.
     0 | D:1      | Reached XP level 1. HP: 13/13 MP: 3/3
   153 | D:1      | Reached skill level 5 in Ice Magic
   153 | D:1      | Reached XP level 2. HP: 3/19 MP: 5/5
   847 | D:1      | You fall into a shaft and drop 1 floor!
   847 | D:2      | Found an iron altar of Okawaru.
   936 | D:2      | Reached XP level 3. HP: 21/24 MP: 1/6
  1126 | D:1      | Learned a level 3 spell: Frozen Ramparts
  1844 | D:2      | Reached skill level 1 in Fighting
  1945 | D:2      | Reached XP level 4. HP: 32/32 MP: 8/8
  2143 | D:3      | Learned a level 4 spell: Summon Ice Beast
  2342 | D:3      | Noticed Sigmund
  2718 | D:3      | Killed Sigmund
  2718 | D:3      | Reached skill level 6 in Ice Magic
  2718 | D:3      | Reached XP level 5. HP: 13/39 MP: 1/10
  2718 | D:3      | Reached XP level 6. HP: 16/46 MP: 1/11
  2938 | D:3      | Quit the game

Illustrated notes

Levels and vault maps discovered:
D:1:      eino_arrival_water_star, layout_loops_ring, minmay_pentomino_x4
D:2:      layout_basic, okawaru_gym_becter
D:3:      minmay_skewed_foursquare, layout_loops_ring, chequers_big_river,
          uniq_sigmund

Skill      XL: |  1  2  3  4 |
---------------+-------------+-----
Ice Magic      | 5 6 |  6.1
Dodging        | 3 |  3.0
Fighting       | 1 2 |  2.7
Spellcasting   | 3 |  3.7
Summonings     | 2 |  2.3
Stealth        | |  1.7

Action                   |  1- 3 |  4- 6 || total
-------------------------+-------+-------++-------
Melee: Mace              |    78 |       ||    78
       Short sword       |       |     1 ||     1
Throw: Boomerang         |     4 |    24 ||    28
 Cast: Freeze            |    28 |    10 ||    38
       Frozen Ramparts   |       |     7 ||     7
  Use: Scroll            |       |     2 ||     2
 Stab: Sleeping          |     2 |       ||     2
Armor: Robe              |    31 |     2 ||    33
Dodge: Dodged            |   115 |     7 ||   122

Table legend: (Time is in decaauts)
 A = Elapsed time spent in this place.
 B = Non-inter-level travel time spent in this place.
 C = Inter-level travel time spent in this place.
 D = Time resting spent in this place.
 E = Time spent auto-exploring this place.
 F = Levels seen in this place.
 G = Mean time per level.
                   A        B        C        D        E       F      G
               +--------+--------+--------+--------+--------+-----+--------+
         Total |   3247 |   3205 |     42 |   1213 |   1081 |   3 | 1082.3 |
       Dungeon |   3247 |   3205 |     42 |   1213 |   1081 |   3 | 1082.3 |
               +--------+--------+--------+--------+--------+-----+--------+

Top non-repeatable levels by time:
     D:1: 1432 daAuts
     D:2: 953 daAuts
     D:3: 861 daAuts
